 Dungeon Crawl Stone Soup version 0.31-a0-486-g8d68a81214 (webtiles) character file.

Game seed: 5389537449685008665

427 hashsling the Skirmisher (level 6, -5/34 HPs)
             Began as a Deep Elf Hexslinger on Aug 7, 2023.
             Slain by a water moccasin (7 damage)
             ... in a sewer.
             The game lasted 00:10:07 (2991 turns).

hashsling the Skirmisher (Deep Elf Hexslinger)      Turns: 2991, Time: 00:10:08

Health: -5/34      AC:  3    Str:  5    XL:     6   Next: 65%
Magic:  1/11       EV: 13    Int: 18    God:
Gold:   105        SH:  0    Dex: 19    Spells: 2/9 levels left

rFire   + . .        a - +1 sling
rCold   + . .        (no shield)
rNeg    . . .        c - +0 robe
rPois   .            s - +0 helmet
rElec   .            i - scarf {rC+ rF+}
rCorr   .            (no gloves)
SInv    .            (no boots)
Will    .....        (no amulet)
Stlth   ++           (no ring)
HPRegen 0.25/turn    (no ring)
MPRegen 0.12/turn

%: no passive effects
@: brilliant, lethally poisoned (-5 -> -11), attractive
A: no striking features
a: no special abilities


You were in a sewer.
You visited 1 branch of the dungeon, and saw 4 of its levels.
You also visited: Sewer.

You collected 105 gold pieces.

Inventory:

Hand Weapons
 a - a +1 sling (weapon)
Armour
 c - a +0 robe (worn)
 i - a scarf of resistance (worn)
 s - a +0 helmet (worn)
Jewellery
 p - an amulet of guardian spirit
Wands
 n - a wand of flame (24)
 r - a wand of paralysis (8)
Scrolls
 b - a scroll of poison
 e - 2 scrolls of immolation
 f - a scroll of identify
 j - a scroll of teleportation {unknown}
 l - a scroll of vulnerability {unknown}
 t - a scroll of revelation
Potions
 d - a potion of resistance {unknown}
 g - a potion of brilliance
 h - 2 potions of curing {unknown}
 k - a potion of mutation {unknown}
 m - a potion of haste {unknown}
 o - a potion of heal wounds {unknown}
 q - a potion of attraction
 u - a potion of magic {unknown}
 v - a potion of might {unknown}


   Skills:
 - Level 1.0 Fighting
 + Level 8.5 Ranged Weapons
 + Level 3.2 Dodging
 + Level 2.1 Spellcasting
 + Level 4.9 Hexes


You had 2 spell levels left.
You knew the following spells:

 Your Spells              Type           Power      Damage    Failure   Level
a - Slow                  Hex            100%       N/A       2%          1
b - Portal Projectile     Hex/Tloc       32%        N/A       19%         3
c - Inner Flame           Hex/Fire       16%        N/A       19%         3

Your spell library contained the following spells:

 Spells                   Type           Power      Damage    Failure   Level
 Apportation              Tloc           4%         N/A       19%         1
 Cause Fear               Hex            14%        N/A       22%         4
 Animate Dead             Necr           2%         N/A       87%         4
 Alistair's Intoxication  Tmut/Pois      1%         N/A       99%         5
 Haunt                    Necr/Summ      1%         N/A       100%        7
 Infestation              Necr           1%         N/A       100%        8


Dungeon Overview and Level Annotations

Branches:
Dungeon (4/15)              Sewer (1/1)
 Temple: D:4-7

Altars:
Fedhas
Wu Jian

Annotations:
D:2 1 runed translucent door, Crazy Yiuf


Message History

Press: ? - help, Q - select action, (/) - cycle Shift-Dir - straight line, f/p - water moccasin
Aim: a water moccasin (heavily wounded, 48% to hit)
You magically shoot a sling bullet.
The sling bullet completely misses the water moccasin.
The water moccasin barely misses you.
Fire: a) +1 sling
Press: ? - help, Q - select action, (/) - cycle Shift-Dir - straight line, f/p - water moccasin
Aim: a water moccasin (heavily wounded, 48% to hit)
You magically shoot a sling bullet.
The sling bullet misses the water moccasin.
You are no longer teleporting projectiles to their destination.
The water moccasin misses you. The water moccasin barely misses you.
Fire: a) +1 sling
Press: ? - help, Q - select action, (/) - cycle Shift-Dir - straight line, f/p - water moccasin
Aim: a water moccasin (heavily wounded, 48% to hit)
You shoot a sling bullet.
The sling bullet hits the water moccasin.
The water moccasin is heavily wounded.
The water moccasin bites you!
Casting: Portal Projectile (quite dangerous; 19% risk of failure)
Confirm with . or Enter, or press ? or * to list all spells.
Aiming: Slow (safe; 2% risk of failure)
Press: ? - help, Shift-Dir - straight line, f/p - water moccasin
Aim: a water moccasin (heavily wounded, chance to affect: 51%)
The water moccasin resists with significant effort.
The water moccasin bites you.
You are poisoned.
The water moccasin poisons you! The water moccasin closely misses you.
You feel very sick.
You feel very sick.
It was a potion of brilliance.
You feel clever all of a sudden.
You feel sick. The water moccasin closely misses you.
The water moccasin bites you!
* * * LOW HITPOINT WARNING * * *
It was a potion of attraction.
You feel attractive to monsters.
* * * LOW HITPOINT WARNING * * *
You feel sick. The water moccasin bites you!
You die...

..~.## ##~# / ##
.~...### #.~.
)~##~. #.~~..###
#.~. ##....
#.~.~.###.~.
.....~#
##..~~~~..~#
#~...~###
###~....###~~†
#...~~####~....###
#.~.
###..~..~....###
#.~. ###S@....###
##~# ######## #~#
#~# #~#


You could see a water moccasin.

Vanquished Creatures
  Sigmund (D:2)
  An orc priest (D:3)
  Terence (D:2)
  2 orc wizards (D:3)
  Robin (D:3)
  6 adders
  2 worms
  2 dart slugs
  5 orcs
  4 ball pythons
  A bat (D:1)
  6 endoplasms
  2 giant cockroaches (D:1)
  13 goblins
  16 hobgoblins
  7 jackals
  A quokka (D:1)
  3 frilled lizards (D:1)
  4 kobolds
  8 rats
86 creatures vanquished.

Notes
Turn   | Place    | Note
-------+----------+-------------------------------------------
     0 | D:1      | hashsling the Deep Elf Hexslinger began the quest for the
                  | Orb.
     0 | D:1      | Reached XP level 1. HP: 11/11 MP: 5/5
    82 | D:1      | Reached skill level 3 in Ranged Weapons
    87 | D:1      | Reached skill level 1 in Fighting
    93 | D:1      | Reached XP level 2. HP: 13/16 MP: 6/6
   305 | D:1      | Reached skill level 4 in Ranged Weapons
   305 | D:1      | Reached XP level 3. HP: 20/20 MP: 8/8
   713 | D:2      | Noticed Sigmund
   731 | D:2      | Killed Sigmund
   732 | D:2      | Reached skill level 7 in Ranged Weapons
   732 | D:2      | Reached XP level 4. HP: 9/25 MP: 9/9
   732 | D:2      | Reached XP level 5. HP: 10/29 MP: 10/10
   934 | D:2      | Found a faded altar of an unknown god.
  1088 | D:2      | Learned a level 3 spell: Portal Projectile
  1092 | D:2      | Learned a level 3 spell: Inner Flame
  1116 | D:2      | Noticed Terence
  1138 | D:2      | Killed Terence
  1572 | D:2      | Found a runed translucent door.
  1573 | D:2      | Noticed Crazy Yiuf
  1835 | D:3      | Found a blossoming altar of Fedhas.
  1861 | D:3      | Reached XP level 6. HP: 34/34 MP: 11/11
  1950 | D:3      | Reached skill level 8 in Ranged Weapons
  1956 | D:3      | Noticed Robin
  1990 | D:3      | Killed Robin
  2012 | D:3      | HP: 1/34 [hobgoblin[Robin] (1)]
  2907 | D:4      | Found an ornate altar of the Wu Jian Council.
  2910 | D:4      | Found a glowing drain.
  2940 | Sewer    | Entered a sewer
  2976 | Sewer    | Noticed a water moccasin
  2991 | Sewer    | Slain by a water moccasin

Illustrated notes

Levels and vault maps discovered:
D:1:      scummos_arrival_simple_fountains, layout_basic, serial_forest,
          infiniplex_forest_straight_2, infiniplex_forest_clump_small,
          infiniplex_forest_clump_small, infiniplex_forest_lined_room_2,
          minmay_cut_off
D:2:      layout_basic, hellmonk_ecumenical_altar_zigzags, uniq_sigmund,
          uniq_terence, uniq_crazy_yiuf_cottage
D:3:      layout_loops_cross, fedhas_ov_isle_minmay, uniq_robin
D:4:      layout_basic, nicolae_yredelemnul_corpse_copse,
          mainiacjoe_overflow_catwalk, mainiacjoe_overflow_24_doors,
          portal_sewer_entry_b, serial_corexii_hall, corexii_hall_statues_u,
          corexii_hall_statues_i, minmay_door_square
Sewer:    sewer_the_moccasin

Skill      XL: |  1  2  3  4  5  6 |
---------------+-------------------+-----
Ranged Weapons | 3 4 7 8 |  8.5
Fighting       | 1 |  1.0
Spellcasting   | 2 |  2.1
Dodging        | 3 |  3.2
Hexes          | |  4.9

Action                     |  1- 3 |  4- 6 || total
---------------------------+-------+-------++-------
   Fire: Sling             |   125 |   193 ||   318
   Cast: Slow              |     1 |     5 ||     6
         Portal Projectile |       |     1 ||     1
    Use: Scroll            |       |     3 ||     3
         Potion            |       |     2 ||     2
 Armour: Robe              |     7 |    15 ||    22
  Dodge: Dodged            |    33 |    58 ||    91

Table legend: (Time is in decaauts)
 A = Elapsed time spent in this place.
 B = Non-inter-level travel time spent in this place.
 C = Inter-level travel time spent in this place.
 D = Time resting spent in this place.
 E = Time spent auto-exploring this place.
 F = Levels seen in this place.
 G = Mean time per level.
                   A        B        C        D        E       F      G
               +--------+--------+--------+--------+--------+-----+--------+
         Total |   3022 |   2914 |    108 |      0 |   2275 |   5 |  604.4 |
       Dungeon |   2967 |   2859 |    108 |      0 |   2246 |   4 |  741.8 |
         Sewer |     54 |     54 |      0 |      0 |     29 |   1 |   54.0 |
               +--------+--------+--------+--------+--------+-----+--------+

Top non-repeatable levels by time:
     D:2: 1308 daAuts
     D:3: 908 daAuts
     D:1: 694 daAuts
     D:4: 56 daAuts
   Sewer: 54 daAuts
